 Dungeon Crawl Stone Soup version 0.32-a0-128-g77eb882913 (webtiles) character file.

Game seed: 12706759187523205731

32 Nattfarinn the Changeling (level 3, -3/31 HPs)
             Began as a Naga Shapeshifter on Feb 8, 2024.
             Slain by an orc wizard
             ... wielding a +1 dagger of venom
              (5 damage)
             ... on level 2 of the Dungeon.
             The game lasted 00:01:40 (784 turns).

Nattfarinn the Changeling (Naga Shapeshifter)        Turns: 784, Time: 00:01:42

Health: -3/31      AC:  2    Str: 22 (24) XL:     3   Next: 25%
Magic:  3/3        EV:  9    Int:  7 (10) God:
Gold:   70         SH:  0    Dex:  7 (10) Spells: 2/2 levels left

rFire   . . .        j - +0 spear
rCold   . . .        (no shield)
rNeg    . . .        a - +0 animal skin
rPois   +            (helmet currently unavailable)
rElec   .            (cloak currently unavailable)
rCorr   .            (gloves currently unavailable)
SInv    +            (no barding)
Will    .....        (no amulet)
Stlth   +            n - +6 ring of strength
HPRegen 0.25/turn    (no ring)
MPRegen 0.08/turn

%: no passive effects
@: lethally poisoned (-3 -> -24), beast-form, very slow
A: beast (slay +2), AC +1, large, see invisible, deformed body, poison
resistance, slowness 2, spit poison 1, naga tail 1
a: Spit Poison, Begin Untransformation


You were on level 2 of the Dungeon.
You were a hulking beast.
You visited 1 branch of the dungeon, and saw 2 of its levels.

You collected 70 gold pieces.

Inventory:

Hand Weapons
 j - a +0 spear (weapon)
Armour
 a - a +0 animal skin (worn)
 p - a +0 pair of gloves
Jewellery
 f - a ring of fire
 n - a +6 ring of strength (left hand)
Talismans
 c - a beast talisman
 d - a flux talisman
Scrolls
 e - 3 scrolls of identify {unknown}
 i - a scroll of revelation {unknown}
 k - a scroll of noise {unknown}
 l - a scroll of enchant armour {unknown}
 o - a scroll of teleportation {unknown}
 r - a scroll of blinking {unknown}
Potions
 b - a potion of lignification
 g - a potion of degeneration
 h - a potion of ambrosia {unknown}
 m - a potion of enlightenment {unknown}
 q - a potion of heal wounds {unknown}
 s - a potion of attraction {unknown}


   Skills:
 - Level 1.0 Fighting
 - Level 1.5 Dodging
 - Level 3.0 Unarmed Combat
 + Level 4.1 Shapeshifting


You had 2 spell levels left.
You didn't know any spells.
Your spell library contained the following spells:

 Spells                   Type           Power      Damage    Failure   Level
 Blink                    Tloc           0%         N/A       56%         2
 Cigotuvi's Dreadful Rot  Necr/Alch/Air  0%         N/A       56%         2
 Lesser Beckoning         Tloc           0%         N/A       56%         2
 Mercury Vapours          Alch/Air       0%         N/A       56%         2
 Momentum Strike          Conj/Tloc      0%         3d8       56%         2
 Mephitic Cloud           Conj/Alch/Air  0%         N/A       80%         3
 Ignite Poison            Fire/Alch      0%         N/A       99%         4
 Freezing Cloud           Conj/Ice/Air   0%         6-21      100%        5


Dungeon Overview and Level Annotations

Branches:
Dungeon (2/15)

Altars:


Innate Abilities, Weirdness & Mutations

You are a hulking beast.
Your limbs bulge with bestial killing power. (Slay +2)
Your serpentine skin is tough. (AC +1)
You have supernaturally acute eyesight. (SInv)
Armour fits poorly on your strangely shaped body.
Your system is resistant to poisons. (rPois)
You cover ground very slowly.
You can spit poison.
You have a snake-like lower body.


Message History

The orc wizard casts a spell at you. The puff of flame hits you.
You are too confused!
You are too confused!
You are too confused!
You are too confused!
You are too confused!
You are too confused!
You bump into the rock wall.
You feel less confused.
The orc wizard hits you with a +1 dagger of venom.
You are poisoned.
You hit the orc wizard.
The orc wizard is lightly wounded.
You feel very sick. The orc wizard closely misses you.
You barely miss the orc wizard.
The orc wizard is lightly wounded.
You feel sick.
The orc wizard casts a spell.
The orc wizard flickers and vanishes for a moment.
You hit the orc wizard.
The orc wizard is moderately wounded.
You feel sick.
The orc wizard hits you with a +1 dagger of venom.
You barely miss the orc wizard.
The orc wizard is moderately wounded.
You feel sick.
The orc wizard hits you with a +1 dagger of venom.
You are lethally poisoned!
The orc wizard hits you with a +1 dagger of venom.
* * * LOW HITPOINT WARNING * * *
You are more poisoned.
It was a potion of degeneration.
There was something very wrong with that liquid.
You feel weakened.
You feel dopey.
You feel clumsy.
* * * LOW HITPOINT WARNING * * *
You feel very sick.
The orc wizard hits you with a +1 dagger of venom.
You die...

#...........# .o
#.......###.. . ..#
#####+#..<#.. .. ..#
#.#####.. ..o##..###
#........ ....o....#
###############. .......#.#
#...........# #.
.......#.###...........###.
........ooh'...........'...
###....#.###...........###.
#....#.....########### #.
##########.# ## #.# # #.. #
### # # #


You could see an orc wizard (invisible) and an orc.

Vanquished Creatures
  A dart slug (D:1)
  An orc (D:2)
  2 ball pythons
  5 endoplasms
  6 giant cockroaches (D:1)
  A hobgoblin (D:1)
  A kobold (D:2)
  A quokka (D:2)
  3 bats
  A frilled lizard (D:1)
  3 rats
25 creatures vanquished.

Notes
Turn   | Place    | Note
-------+----------+-------------------------------------------
     0 | D:1      | Nattfarinn the Naga Shapeshifter began the quest for the
                  | Orb.
     0 | D:1      | Reached XP level 1. HP: 18/18 MP: 1/1
    77 | D:1      | Reached XP level 2. HP: 16/25 MP: 2/2
   602 | D:2      | Reached XP level 3. HP: 31/31 MP: 3/3
   603 | D:2      | Reached skill level 4 in Shapeshifting
   784 | D:2      | Slain by an orc wizard

Illustrated notes

Levels and vault maps discovered:
D:1:      minmay_arrival_five_plusses, layout_basic
D:2:      layout_basic, kennysheep_generic_room_16, uniq_jessica

Skill      XL: |  1  2  3 |
---------------+----------+-----
Shapeshifting  | 4 |  4.1
Fighting       | |  1.0
Dodging        | |  1.5
Unarmed Combat | |  3.0

Action                     || total
---------------------------++-------
  Melee: Unarmed           ||     6
         Spear             ||    42
         Punch             ||     3
Ability: Spit Poison       ||    14
    Use: Potion            ||     1
   Stab: Sleeping          ||     1
 Armour: Animal skin       ||    31
  Dodge: Dodged            ||    21

Table legend: (Time is in decaauts)
 A = Elapsed time spent in this place.
 B = Non-inter-level travel time spent in this place.
 C = Inter-level travel time spent in this place.
 D = Time resting spent in this place.
 E = Time spent auto-exploring this place.
 F = Levels seen in this place.
 G = Mean time per level.
                   A        B        C        D        E       F      G
               +--------+--------+--------+--------+--------+-----+--------+
         Total |   1020 |    957 |     63 |      0 |    744 |   2 |  510.0 |
       Dungeon |   1020 |    957 |     63 |      0 |    744 |   2 |  510.0 |
               +--------+--------+--------+--------+--------+-----+--------+

Top non-repeatable levels by time:
     D:1: 721 daAuts
     D:2: 298 daAuts
